 Dungeon Crawl Stone Soup version 0.28-a0-881-gae16bb6c82 (webtiles) character file.

Game seed: 10612598836210103606

386 Peloso the Slasher (level 6, -1/56 HPs)
             Began as a Minotaur Fighter on Nov 21, 2021.
             Slain by Duvessa (2 damage)
             ... on level 4 of the Dungeon.
             The game lasted 00:06:39 (3991 turns).

Peloso the Slasher (Minotaur Fighter)               Turns: 3991, Time: 00:06:39

Health: -1/56      AC: 10    Str: 21    XL:     6   Next: 48%
Magic:  0/5        EV: 11    Int:  5    God:
Gold:   142        SH:  5    Dex: 15    Spells: 5/5 levels left

rFire   . . .      SeeInvis .   b - +8 mace of Orphepp {freeze, rC+ Dex+4}
rCold   + . .      Faith    .   c - +0 buckler
rNeg    . . .      Spirit   +   k - +0 acid dragon scales
rPois   .          Reflect  .   (helmet restricted)
rElec   .          Harm     .   o - +2 cloak
rCorr   +          Rampage  .   (no gloves)
Will    .....                   (no boots)
Stlth   +.........              s - amulet of guardian spirit
HPRegen 0.18/turn               (no ring)
MPRegen 0.09/turn               (no ring)

@: lethally poisoned (-1 -> -15)
A: horns 2, retaliatory headbutt
a: no special abilities


You were on level 4 of the Dungeon.
You visited 1 branch of the dungeon, and saw 4 of its levels.

You collected 142 gold pieces.

Inventory:

Hand Weapons
 a - a +0 long sword
 b - the +8 mace of Orphepp (weapon) {freeze, rC+ Dex+4}
   (You found it on level 4 of the Dungeon)

   It freezes those it strikes, dealing additional cold damage.
   It can also slow down cold-blooded creatures.
   Dex:       It affects your dexterity (+4).
   rC:        It protects you from cold.
Armour
 c - a +0 buckler (worn)
 k - +0 acid dragon scales (worn)
 o - a +2 cloak (worn)
Jewellery
 f - a +6 ring of intelligence
 p - a ring of fire
 s - an amulet of guardian spirit (around neck)
Scrolls
 g - 3 scrolls of identify
 i - a scroll of teleportation
 m - 3 scrolls of fog
 n - a scroll of acquirement {unknown}
 q - a scroll of blinking {unknown}
Potions
 d - a potion of might
 e - 3 potions of heal wounds {unknown}
 h - a potion of curing
 j - 3 potions of brilliance {unknown}
 l - a potion of flight
 r - a potion of degeneration {unknown}


   Skills:
 + Level 5.1 Fighting
 + Level 5.9 Long Blades
 + Level 4.6 Armour
 + Level 1.6 Dodging
 + Level 0.8 Stealth
 + Level 4.3 Shields


You had 5 spell levels left.
You didn't know any spells.
Your spell library was empty.

Dungeon Overview and Level Annotations

Branches:
Dungeon (4/15)
 Temple: D:4-7

Altars:

Annotations:
D:3 2 transporters, paps's ghost, amateur DsFi
D:4 Dowan; Duvessa


Innate Abilities, Weirdness & Mutations

You have a pair of horns on your head.
You reflexively headbutt those who attack you in melee.


Message History

You are lethally poisoned!
You block Duvessa's attack.
You feel better.
Dowan casts a spell at Duvessa.
Duvessa seems to speed up.
Duvessa hits you with a +2 short sword of venom.
* * * LOW HITPOINT WARNING * * *
You are poisoned.
Unknown command.
You feel better.
Dowan casts a spell.
Dowan blinks!
Duvessa hits you with a +2 short sword of venom.
You are poisoned.
You barely miss Duvessa.
Duvessa is almost dead.
You feel sick. Duvessa hits you but does no damage.
You are more poisoned.
You block Duvessa's attack.
Unknown command.
You hit Duvessa. You freeze Duvessa.
Duvessa is almost dead.
* * * LOW HITPOINT WARNING * * *
You feel very sick. Duvessa closely misses you. x2
Unknown command.
You barely miss Duvessa. Your headbutt misses Duvessa.
Duvessa is almost dead.
You feel very sick.
Duvessa hits you with a +2 short sword of venom.
* * * LOW HITPOINT WARNING * * *
Duvessa hits you but does no damage.
You are more poisoned.
You hit Duvessa but do no damage. You headbutt Duvessa, but do no damage.
Duvessa is almost dead.
* * * LOW HITPOINT WARNING * * *
You feel very sick. You block Duvessa's attack.
Duvessa hits you with a +2 short sword of venom.
You die...

'#####'#########..####'##
...#....###.. ##..###...#
)..#......... #.........#
).)#......... #.........#
...#####'##...##...###..#
..........#...##...## ##
..........#.........#
..........#.........#
..........######@##.#
+###+#....#.(###e####
+....'.....e.
#....#........
#....#......... #
#....#####..##.. .
#........#####... ##
#............# ... .
#............#


You could see Duvessa (fast) and Dowan.

Vanquished Creatures
  An ogre (D:4)
  A hound (D:4)
  Natasha (thrice) (D:4)
  An orc wizard (D:3)
  4 gnolls (D:3)
  5 adders
  An adder skeleton (D:2)
  5 worms
  A dart slug (D:3)
  9 orcs
  5 ball pythons
  3 bats (D:1)
  4 endoplasms
  2 giant cockroaches
  2 goblins
  6 hobgoblins
  4 jackals
  A quokka (D:1)
  2 frilled lizards
  5 kobolds
  7 rats
72 creatures vanquished.

Notes
Turn   | Place    | Note
-------+----------+-------------------------------------------
     0 | D:1      | Peloso the Minotaur Fighter began the quest for the Orb.
     0 | D:1      | Reached XP level 1. HP: 19/19 MP: 0/0
    40 | D:1      | Found a faded altar of an unknown god.
   207 | D:1      | Reached XP level 2. HP: 27/27 MP: 1/1
  1126 | D:2      | Reached XP level 3. HP: 33/33 MP: 2/2
  1693 | D:2      | Reached XP level 4. HP: 27/41 MP: 3/3
  2363 | D:3      | Found a transporter.
  2366 | D:3      | Noticed paps's ghost (amateur DsFi)
  2367 | D:3      | Found a transporter.
  2442 | D:3      | Reached XP level 5. HP: 34/47 MP: 4/4
  3276 | D:4      | Noticed an ogre
  3285 | D:4      | Killed an ogre
  3286 | D:4      | Reached skill level 5 in Fighting
  3286 | D:4      | Reached skill level 5 in Long Blades
  3286 | D:4      | Reached skill level 1 in Dodging
  3286 | D:4      | Reached XP level 6. HP: 32/56 MP: 5/5
  3426 | D:4      | Identified the +8 mace of Orphepp {freeze, rC+ Dex+4}
  3535 | D:4      | Noticed Natasha
  3540 | D:4      | Killed Natasha
  3593 | D:4      | Noticed Natasha
  3606 | D:4      | Killed Natasha
  3934 | D:4      | Noticed Natasha
  3941 | D:4      | Killed Natasha
  3970 | D:4      | Noticed Duvessa
  3970 | D:4      | Noticed Dowan
  3991 | D:4      | HP: 1/56 [poisoned by Duvessa]
  3991 | D:4      | Slain by Duvessa

Illustrated notes

Levels and vault maps discovered:
D:1:      psy_arrival_dodecagon, layout_basic, shapermc_ecumenical_altar_venn,
          minmay_misc_feat_tower
D:2:      layout_basic, minmay_heptomino_o4
D:3:      layout_loops_corners, gammafunk_ghost_arena
D:4:      layout_gridville, minitemple, hangedman_decor_push, uniq_grinder,
          uniq_duvessa, uniq_natasha

Skill      XL: |  1  2  3  4  5 |
---------------+----------------+-----
Fighting       | 4 5 |  5.1
Long Blades    | 3 4 5 |  5.9
Shields        | 4 |  4.3
Armour         | 4 |  4.6
Dodging        | 1 |  1.6
Stealth        | |  0.8

Action                   |  1- 3 |  4- 6 || total
-------------------------+-------+-------++-------
Melee: Long sword        |    89 |   100 ||   189
       Headbutt          |    14 |    22 ||    36
       Mace              |       |    12 ||    12
  Use: Scroll            |       |     3 ||     3
       Potion            |       |     3 ||     3
Armor: Scale mail        |    32 |       ||    32
       Acid dragon scale |    12 |    48 ||    60
Dodge: Dodged            |    40 |    49 ||    89
Block: Buckler           |    17 |    22 ||    39

Table legend: (Time is in decaauts)
 A = Elapsed time spent in this place.
 B = Non-inter-level travel time spent in this place.
 C = Inter-level travel time spent in this place.
 D = Time resting spent in this place.
 E = Time spent auto-exploring this place.
 F = Levels seen in this place.
 G = Mean time per level.
                   A        B        C        D        E       F      G
               +--------+--------+--------+--------+--------+-----+--------+
         Total |   4034 |   3945 |     89 |     56 |   3216 |   4 | 1008.5 |
       Dungeon |   4034 |   3945 |     89 |     56 |   3216 |   4 | 1008.5 |
               +--------+--------+--------+--------+--------+-----+--------+

Top non-repeatable levels by time:
     D:3: 1283 daAuts
     D:2: 1101 daAuts
     D:1: 925 daAuts
     D:4: 724 daAuts
